Admirals vs Little Stars

Created - March 22, 2022 at 19:29

Goals
1 2 3 T
Admirals 2 0 1 3
Little Stars 0 1 1 2
Shots
1 2 3 T
Admirals 18 8 7 33
Little Stars 7 16 7 30

1st period

1. Admirals , Markus Granlund 11 (Joel Armia 15, Nicolas Kerdiles 33) at 5:42
2. Admirals , Markus Granlund 12 (Olli Juolevi 7, Joel Armia 16) at 14:38 (PP)

Penalties :
Daniel O'regan (Tex) for Hooking (Minor) at 10:19, Anton Gustafsson (Mil) for Holding (Minor) at 10:53, Sebastian Wannstrom (Tex) for Interference (Minor) at 14:31

2nd period

3. Little Stars , Zach Budish 6 (Joakim Nygard 11, Tucker Poolman 13) at 8:42

Penalties :
Sebastian Wannstrom (Tex) for Hooking (Minor) at 0:54, Markus Granlund (Mil) for Hooking (Minor) at 5:58, Markus Granlund (Mil) for Hooking (Minor) at 14:51, Andreas Englund (Mil) for Interference (Minor) at 17:55, Jason Dickinson (Tex) for Tripping (Minor) at 18:38

3rd period

4. Little Stars , Jordan LaVallee 28 (Ville Pokka 5, Daniel O'regan 45) at 7:37
5. Admirals , Freddie Hamilton 9 (Brett Connolly 5, Hunter Shinkaruk 6) at 13:25

Penalties :
Blake Geoffrion (Mil) for Roughing (Minor) at 2:17, Markus Granlund (Mil) for Hooking (Minor) at 10:22, Nicolas Kerdiles (Mil) for Hooking (Minor) at 16:59, Daniil Tarasov (Tex) for Holding (Minor) at 19:20

Goalie Stats

Tristan Jarry (Mil), 28 saves from 30 shots - (0.933), W, 8-14-3, 60:00 minutes
Connor Knapp (Tex), 30 saves from 33 shots - (0.909), L, 14-11-3, 60:00 minutes

Players Stats for Admirals

Player Name              G  A  P  +/- PIM S  H  SB GA TA FO     MP     PP MP  PK MP  
------------------------------------------------------------------------------------
Andreas Englund          0  0  0   0  2   0  0  2  0  0  0/0    18:29   0:05   4:07 
Anton Gustafsson         0  0  0   0  2   3  5  1  0  0  10/18  17:57   2:11   4:22 
Blake Geoffrion          0  0  0   0  2   1  1  1  0  0  0/0    11:45   0:00   3:26 
Brett Connolly           0  1  1   0  0   2  0  0  1  0  0/0     8:19   0:00   0:04 
Carl Dahlstrom           0  0  0   0  0   2  0  2  0  0  0/0    11:28   0:05   0:00 
Christian Djoos          0  0  0   0  0   0  0  0  0  0  0/0     3:01   0:00   0:00 
Freddie Hamilton         1  0  1   0  0   2  1  0  0  0  4/7     9:37   0:00   0:51 
Hunter Shinkaruk         0  1  1   0  0   2  0  0  0  0  1/1     9:54   0:00   0:58 
Joel Armia               0  2  2   0  0   2  1  2  0  0  1/1    17:00   1:45   0:00 
Josh Morrissey           0  0  0   0  0   2  0  1  1  2  0/0    28:14   2:30   6:36 
Kasper Bjorkqvist        0  0  0   0  0   3  1  1  0  0  0/0     9:51   2:12   0:00 
Lucas Wallmark           0  0  0   0  0   0  0  0  0  0  1/3     7:35   0:00   0:00 
Mark McNeill             0  0  0   0  0   1  2  0  0  0  1/1    12:14   0:00   1:33 
Markus Granlund          2  0  2   0  6   5  0  2  0  0  19/27  22:12   1:50   2:48 
Mattias Backman          0  0  0   0  0   1  2  1  0  0  0/0    20:56   1:32   4:36 
Nicolas Deslauriers      0  0  0   0  0   1  0  1  0  0  0/5    16:42   2:12   3:42 
Nicolas Kerdiles         0  1  1   0  2   5  3  0  1  0  0/0    22:50   1:50   4:40 
Olli Juolevi             0  1  1   0  0   0  0  0  0  0  0/0    12:59   1:27   0:29 
Travis Dermott           0  0  0   0  0   1  1  1  1  1  0/0    24:57   2:30   6:36 

Players Stats for Little Stars

Player Name              G  A  P  +/- PIM S  H  SB GA TA FO     MP     PP MP  PK MP  
------------------------------------------------------------------------------------
Adam Tambellini          0  0  0   0  0   1  2  0  1  0  0/0    17:36   4:41   1:09 
Anton Cederholm          0  0  0  -1  0   1  0  3  0  1  0/0    28:41   7:21   2:11 
Daniel O'regan           0  1  1  -1  2   4  0  1  0  0  12/32  23:20   6:27   2:21 
Daniil Tarasov           0  0  0   0  2   0  1  0  0  0  0/0     7:34   0:13   0:00 
Eric Knodel              0  0  0   0  0   2  1  0  1  0  0/0    19:55   3:51   1:51 
Ilya Mikheyev            0  0  0  -1  0   2  0  0  0  0  2/5    19:35   6:22   0:00 
Jason Dickinson          0  0  0   0  2   2  4  0  0  0  6/9    16:47   4:31   1:26 
Joakim Nygard            0  1  1   1  0   3  0  0  0  0  0/1    11:48   0:32   0:10 
Jordan LaVallee          1  0  1  -1  0   6  5  1  0  1  2/5    23:42   5:59   2:43 
Michael Mersch           0  0  0   0  0   1  1  1  1  0  0/0     6:54   0:00   0:00 
Radel Fazleev            0  0  0   0  0   1  0  0  0  0  1/4     7:26   0:13   0:10 
Reece Willcox            0  0  0   0  0   1  2  1  0  1  0/0    19:55   3:51   1:51 
Roman Horak              0  0  0   1  0   0  2  0  0  0  2/4    10:34   0:00   0:00 
Sebastian Wannstrom      0  0  0   0  4   3  4  0  0  0  0/2    16:31   4:37   0:05 
Tucker Poolman           0  1  1   1  0   0  1  0  0  0  0/0    11:24   0:00   0:00 
Tyler Wotherspoon        0  0  0  -1  0   1  2  1  0  1  0/0    28:41   7:21   2:11 
Ville Pokka              0  1  1   1  0   1  1  0  0  0  0/0    11:24   0:00   0:00 
Zach Budish              1  0  1   1  0   1  0  0  0  0  1/1    11:25   0:00   0:00 

3 Stars

1 - Joel Armia (Mil)
2 - Jordan LaVallee (Tex)
3 - Freddie Hamilton (Mil)

Power Play

Admirals - 1 on 5 Attempt(s) - 20.00%
Little Stars - 0 on 7 Attempt(s) - 0.00%

Penalty Kill

Admirals - 7 on 7 Attempt(s) - 100.00% - Score 0 goal in Penalty Kill
Little Stars - 4 on 5 Attempt(s) - 80.00% - Score 0 goal in Penalty Kill

Team Stat

Admirals - Hits : 17 - Faceoff Wins : 37 - Blocked Shots : 15 - Penalty Minutes : 14
Little Stars - Hits : 26 - Faceoff Wins : 26 - Blocked Shots : 8 - Penalty Minutes : 10

Official

Referees : Marc Joannette and Ghislain Hebert
Linesman : Pierre Racicot and James Tobias

Game Notes

No Game Note

Finance

Level 1 -- Attendance: 2000 (100.00%) -- Ticket Income $70,000
Level 2 -- Attendance: 1000 (100.00%) -- Ticket Income $15,000
Total Attendance: 3000 (100.00%)
Total Ticket Income: $85,000
Other Income: $4,250
Total Income: $89,250

Admirals

5 vs 5 Forward 
   Center                   Left Wing                Right Wing               Time % Phy DF OF 
 1 Markus Granlund          Nicolas Kerdiles         Joel Armia               40     1   2  2  
 2 Anton Gustafsson         Nicolas Deslauriers      Mark McNeill             30     1   2  2  
 3 Lucas Wallmark           Blake Geoffrion          Kasper Bjorkqvist        20     1   2  2  
 4 Freddie Hamilton         Hunter Shinkaruk         Brett Connolly           10     1   2  2  

5 vs 5 Defense 
   Defense                  Defense                                           Time % Phy DF OF 
 1 Josh Morrissey           Travis Dermott                                    40     1   2  2  
 2 Andreas Englund          Mattias Backman                                   30     1   2  2  
 3 Carl Dahlstrom           Olli Juolevi                                      20     1   2  2  
 4 Christian Djoos          Josh Morrissey                                    10     1   2  2  

PowerPlay Forward 
   Center                   Left Wing                Right Wing               Time % Phy DF OF 
 1 Markus Granlund          Nicolas Kerdiles         Joel Armia               60     1   2  2  
 2 Anton Gustafsson         Nicolas Deslauriers      Kasper Bjorkqvist        40     1   2  2  

PowerPlay Defense
   Defense                  Defense                                           Time % Phy DF OF 
 1 Josh Morrissey           Travis Dermott                                    60     1   2  2  
 2 Mattias Backman          Olli Juolevi                                      40     1   2  2  

Penalty Kill 4 Players Forward 
   Center                   Wing                     Time % Phy DF OF 
 1 Markus Granlund          Nicolas Kerdiles         60     1   2  2  
 2 Anton Gustafsson         Mark McNeill             40     1   2  2  

Penalty Kill 4 Players Defense
   Defense                  Defense                  Time % Phy DF OF 
 1 Josh Morrissey           Travis Dermott           60     1   2  2  
 2 Andreas Englund          Mattias Backman          40     1   2  2  

Penalty Kill - 3 Players Forward 
   Forward                                           Time % Phy DF OF 
 1 Markus Granlund                                   60     1   2  2  
 2 Mark McNeill                                      40     1   2  2  

Penalty Kill - 3 Players Defense
   Defense                  Defense                  Time % Phy DF OF 
 1 Josh Morrissey           Travis Dermott           60     1   2  2  
 2 Andreas Englund          Mattias Backman          40     1   2  2  

4 vs 4 Forward 
   Center                   Wing                     Time % Phy DF OF 
 1 Markus Granlund          Nicolas Kerdiles         60     1   2  2  
 2 Anton Gustafsson         Joel Armia               40     1   2  2  

4 vs 4 Defense
   Defense                  Defense                  Time % Phy DF OF 
 1 Josh Morrissey           Travis Dermott           60     1   2  2  
 2 Andreas Englund          Mattias Backman          40     1   2  2  

Last Minutes Offensive
   Center                   Left Wing                Right Wing               Defense                  Defense                  
   Markus Granlund          Nicolas Kerdiles         Joel Armia               Josh Morrissey           Travis Dermott           

Last Minutes Defensive
   Center                   Left Wing                Right Wing               Defense                  Defense                  
   Markus Granlund          Nicolas Kerdiles         Mark McNeill             Josh Morrissey           Andreas Englund          

Goaltenders
Starting : Tristan Jarry            
Backup : Felix Sanstrom           

Extra Forwards
Normal : Nicolas Deslauriers, Hunter Shinkaruk, Brett Connolly - PP : Nicolas Deslauriers, Hunter Shinkaruk - PK : Nicolas Deslauriers
Extra Defensemen
Normal : Carl Dahlstrom, Olli Juolevi, Travis Dermott - PP : Carl Dahlstrom - PK : Olli Juolevi, Travis Dermott
Penalty Shots
Anton Gustafsson, Nicolas Kerdiles, Markus Granlund, Blake Geoffrion, Joel Armia

Scratches
Adam Almquist (Healthy), Alexandre Mallet (Healthy), Chris Lawrence (Healthy), Filip Chlapik (Healthy), Josh Wesley (Healthy)
Mark MacMillan (Healthy), Riley Barber (Healthy), Ryan Olsen (Healthy), Sergei Zborovskiy (Healthy), Stanislav Galiev (Healthy)
T.J Brodie (Broken Right Foot Toe Injury), Trevor Van Riemsdyk (Healthy), Troy Bourke (Healthy), Carsen Twarynski (Healthy), Libor Hajek (Healthy)
Linus Ullmark (Healthy)

Little Stars

5 vs 5 Forward 
   Center                   Left Wing                Right Wing               Time % Phy DF OF 
 1 Daniel O'regan           Jordan LaVallee          Ilya Mikheyev            40     1   2  2  
 2 Jason Dickinson          Adam Tambellini          Sebastian Wannstrom      30     1   2  2  
 3 Roman Horak              Joakim Nygard            Zach Budish              20     1   2  2  
 4 Radel Fazleev            Michael Mersch           Daniil Tarasov           10     1   2  2  

5 vs 5 Defense 
   Defense                  Defense                                           Time % Phy DF OF 
 1 Tyler Wotherspoon        Anton Cederholm                                   40     1   2  2  
 2 Eric Knodel              Reece Willcox                                     30     1   2  2  
 3 Tucker Poolman           Ville Pokka                                       20     1   2  2  
 4 Tyler Wotherspoon        Anton Cederholm                                   10     1   2  2  

PowerPlay Forward 
   Center                   Left Wing                Right Wing               Time % Phy DF OF 
 1 Daniel O'regan           Jordan LaVallee          Ilya Mikheyev            60     1   2  2  
 2 Jason Dickinson          Adam Tambellini          Sebastian Wannstrom      40     1   2  2  

PowerPlay Defense
   Defense                  Defense                                           Time % Phy DF OF 
 1 Tyler Wotherspoon        Anton Cederholm                                   60     1   2  2  
 2 Eric Knodel              Reece Willcox                                     40     1   2  2  

Penalty Kill 4 Players Forward 
   Center                   Wing                     Time % Phy DF OF 
 1 Daniel O'regan           Jordan LaVallee          60     1   2  2  
 2 Jason Dickinson          Adam Tambellini          40     1   2  2  

Penalty Kill 4 Players Defense
   Defense                  Defense                  Time % Phy DF OF 
 1 Tyler Wotherspoon        Anton Cederholm          60     1   2  2  
 2 Eric Knodel              Reece Willcox            40     1   2  2  

Penalty Kill - 3 Players Forward 
   Forward                                           Time % Phy DF OF 
 1 Daniel O'regan                                    60     1   2  2  
 2 Jason Dickinson                                   40     1   2  2  

Penalty Kill - 3 Players Defense
   Defense                  Defense                  Time % Phy DF OF 
 1 Tyler Wotherspoon        Anton Cederholm          60     1   2  2  
 2 Eric Knodel              Reece Willcox            40     1   2  2  

4 vs 4 Forward 
   Center                   Wing                     Time % Phy DF OF 
 1 Daniel O'regan           Jordan LaVallee          60     1   2  2  
 2 Jason Dickinson          Adam Tambellini          40     1   2  2  

4 vs 4 Defense
   Defense                  Defense                  Time % Phy DF OF 
 1 Tyler Wotherspoon        Anton Cederholm          60     1   2  2  
 2 Eric Knodel              Reece Willcox            40     1   2  2  

Last Minutes Offensive
   Center                   Left Wing                Right Wing               Defense                  Defense                  
   Daniel O'regan           Jordan LaVallee          Ilya Mikheyev            Tyler Wotherspoon        Anton Cederholm          

Last Minutes Defensive
   Center                   Left Wing                Right Wing               Defense                  Defense                  
   Daniel O'regan           Jordan LaVallee          Ilya Mikheyev            Tyler Wotherspoon        Anton Cederholm          

Goaltenders
Starting : Connor Knapp             
Backup : Dustin Tokarski          

Extra Forwards
Normal : Daniel O'regan, Sebastian Wannstrom, Zach Budish - PP : Daniel O'regan, Sebastian Wannstrom - PK : Daniel O'regan
Extra Defensemen
Normal : Reece Willcox, Tucker Poolman, Ville Pokka - PP : Reece Willcox - PK : Reece Willcox, Tucker Poolman
Penalty Shots
Jordan LaVallee, Ilya Mikheyev, Adam Tambellini, Joakim Nygard, Daniel O'regan

Scratches
Emile Poirier (Healthy), Jean-Christophe Beaudin (Healthy), Justin Auger (Healthy), Lawrence Pilut (Healthy), Rudolfs Balcers (Healthy)
Shane Gersich (Healthy), Yakov Trenin (Healthy), Henrik Borgstrom (Chest/Ribs Injury), Frederic Allard (Healthy), Matt Luff (Healthy)
Joey Anderson (Healthy), Jonathan Dahlen (Healthy), Givani Smith (Healthy)

% Time on Ice - Admirals

Lines # - Real PCT - Wanted PCT - Time Play
Normal Forward
1 - 38% - 40% - 15:45
2 - 25% - 30% - 10:23
3 - 18% - 20% - 7:35
4 - 19% - 10% - 8:00
Normal Defense
1 - 34% - 40% - 14:09
2 - 33% - 30% - 13:43
3 - 26% - 20% - 10:50
4 - 7% - 10% - 3:01
PP Forward
1 - 45% - 60% - 1:50
2 - 55% - 40% - 2:12
PP Defense
1 - 62% - 60% - 2:30
2 - 38% - 40% - 1:32
PK Forward
1 - 86% - 60% - 9:39
2 - 14% - 40% - 1:33
PK Defense
1 - 59% - 60% - 6:36
2 - 41% - 40% - 4:36
PK3 Forward
1 - 0% - 60%
2 - 0% - 40%
PK3 Defense
1 - 0% - 60%
2 - 0% - 40%
44 Forward
1 - 68% - 60% - 1:50
2 - 32% - 40% - 0:51
44 Defense
1 - 60% - 60% - 1:36
2 - 40% - 40% - 1:05
Last Minute Offensive  - 0:00
Last Minute Defensive  - 0:22
Total
Forward - 60:00
Defense - 60:00

% Time on Ice - Little Stars

Lines # - Real PCT - Wanted PCT - Time Play
Normal Forward
1 - 33% - 40% - 13:44
2 - 25% - 30% - 10:34
3 - 25% - 20% - 10:34
4 - 17% - 10% - 6:54
Normal Defense
1 - 38% - 40% - 15:40
2 - 32% - 30% - 13:22
3 - 27% - 20% - 11:24
4 - 3% - 10% - 1:20
PP Forward
1 - 60% - 60% - 6:40
2 - 40% - 40% - 4:32
PP Defense
1 - 66% - 60% - 7:21
2 - 34% - 40% - 3:51
PK Forward
1 - 82% - 60% - 3:18
2 - 18% - 40% - 0:44
PK Defense
1 - 54% - 60% - 2:11
2 - 46% - 40% - 1:51
PK3 Forward
1 - 0% - 60%
2 - 0% - 40%
PK3 Defense
1 - 0% - 60%
2 - 0% - 40%
44 Forward
1 - 80% - 60% - 2:09
2 - 20% - 40% - 0:32
44 Defense
1 - 68% - 60% - 1:50
2 - 32% - 40% - 0:51
Last Minute Offensive  - 0:19
Last Minute Defensive  - 0:00
Total
Forward - 60:00
Defense - 60:00

Play-by-Play

1st period


0:01 of 1st period - Daniel O'regan wins face-off versus Markus Granlund in neutral zone.
0:12 of 1st period - Snap shot by Daniel O'regan.
0:12 of 1st period - Shot Misses the Net.
0:35 of 1st period - Mattias Backman is hit by Sebastian Wannstrom and loses puck.
0:52 of 1st period - Snap shot by Blake Geoffrion.
0:52 of 1st period - Stopped by Connor Knapp with a rebound.
0:56 of 1st period - Wrist shot by Kasper Bjorkqvist.
0:56 of 1st period - Stopped by Connor Knapp with a rebound.
0:58 of 1st period - Slapshot by Carl Dahlstrom.
0:58 of 1st period - Stopped by Connor Knapp with a rebound.
1:08 of 1st period - Carl Dahlstrom is hit by Daniil Tarasov and loses puck.
1:31 of 1st period - Slapshot by Markus Granlund.
1:31 of 1st period - Shot Misses the Net.
1:47 of 1st period - Ilya Mikheyev is hit by Mark McNeill and loses puck.
2:12 of 1st period - Wrist shot by Jason Dickinson.
2:12 of 1st period - Shot Blocked by Blake Geoffrion.
2:16 of 1st period - Wrist shot by Adam Tambellini.
2:16 of 1st period - Deflect By Jason Dickinson.
2:16 of 1st period - Shot Misses the Net.
2:16 of 1st period - Puck is out of play.
2:17 of 1st period - Markus Granlund wins face-off versus Joakim Nygard in Admirals zone.
2:26 of 1st period - Snap shot by Nicolas Kerdiles.
2:26 of 1st period - Stopped by Connor Knapp with a rebound.
2:28 of 1st period - Slapshot by Joel Armia.
2:28 of 1st period - Stopped by Connor Knapp without a rebound.
2:29 of 1st period - Jason Dickinson wins face-off versus Markus Granlund in Little Stars zone.
2:38 of 1st period - Snap shot by Adam Tambellini.
2:38 of 1st period - Stopped by Tristan Jarry with a rebound.
2:40 of 1st period - Slapshot by Tyler Wotherspoon.
2:40 of 1st period - Shot Misses the Net.
2:42 of 1st period - Backhand shot by Sebastian Wannstrom.
2:42 of 1st period - Stopped by Tristan Jarry without a rebound.
2:43 of 1st period - Anton Gustafsson wins face-off versus Daniel O'regan in Admirals zone.
2:43 of 1st period - Anton Gustafsson is hit by Tucker Poolman.
3:10 of 1st period - Tucker Poolman is hit by Nicolas Kerdiles and loses puck.
3:17 of 1st period - Backhand shot by Travis Dermott.
3:17 of 1st period - Deflect By Joel Armia.
3:17 of 1st period - Shot Misses the Net.
3:17 of 1st period - Puck is out of play.
3:18 of 1st period - Roman Horak wins face-off versus Lucas Wallmark in Little Stars zone.
3:47 of 1st period - Off-side.
3:48 of 1st period - Freddie Hamilton wins face-off versus Daniel O'regan in neutral zone.
4:15 of 1st period - Nicolas Kerdiles is hit by Jason Dickinson.
4:26 of 1st period - Icing by Reece Willcox.
4:27 of 1st period - Jason Dickinson wins face-off versus Nicolas Deslauriers in Little Stars zone.
4:32 of 1st period - Wrist shot by Adam Tambellini.
4:32 of 1st period - Shot Blocked by Anton Gustafsson.
4:58 of 1st period - Off-side.
4:59 of 1st period - Lucas Wallmark wins face-off versus Jordan LaVallee in neutral zone.
5:12 of 1st period - Snap shot by Jordan LaVallee.
5:12 of 1st period - Stopped by Tristan Jarry with a rebound.
5:32 of 1st period - Snap shot by Kasper Bjorkqvist.
5:32 of 1st period - Stopped by Connor Knapp with a rebound.
5:34 of 1st period - Wrist shot by Lucas Wallmark.
5:34 of 1st period - Deflect By Blake Geoffrion.
5:34 of 1st period - Shot Misses the Net.
5:34 of 1st period - Puck is out of play.
5:35 of 1st period - Markus Granlund wins face-off versus Daniel O'regan in Little Stars zone.
5:40 of 1st period - Wrist shot by Joel Armia.
5:40 of 1st period - Shot Misses the Net.
5:42 of 1st period - Snap shot by Markus Granlund.
5:42 of 1st period - Deflect By Tucker Poolman.
5:42 of 1st period - Goal by Markus Granlund - Admirals : 1 - Little Stars : 0.
5:43 of 1st period - Roman Horak wins face-off versus Anton Gustafsson in neutral zone.
6:08 of 1st period - Josh Morrissey is hit by Jordan LaVallee.
6:18 of 1st period - Snap shot by Nicolas Kerdiles.
6:18 of 1st period - Shot Misses the Net.
6:38 of 1st period - Snap shot by Sebastian Wannstrom.
6:38 of 1st period - Shot Blocked by Mattias Backman.
6:52 of 1st period - Michael Mersch is hit by Mattias Backman and loses puck.
7:12 of 1st period - Wrist shot by Michael Mersch.
7:12 of 1st period - Deflect By Zach Budish.
7:12 of 1st period - Deflect By Nicolas Deslauriers.
7:12 of 1st period - Shot Blocked by Carl Dahlstrom.
7:12 of 1st period - Puck is out of play.
7:13 of 1st period - Zach Budish wins face-off versus Anton Gustafsson in Admirals zone.
7:26 of 1st period - Slapshot by Zach Budish.
7:26 of 1st period - Shot Blocked by Carl Dahlstrom.
7:28 of 1st period - Wrist shot by Joakim Nygard.
7:28 of 1st period - Shot Misses the Net.
7:40 of 1st period - Wrist shot by Nicolas Kerdiles.
7:40 of 1st period - Stopped by Connor Knapp with a rebound.
7:42 of 1st period - Slapshot by Carl Dahlstrom.
7:42 of 1st period - Stopped by Connor Knapp without a rebound.
7:43 of 1st period - Markus Granlund wins face-off versus Daniel O'regan in Little Stars zone.
8:22 of 1st period - Slapshot by Markus Granlund.
8:22 of 1st period - Shot Misses the Net.
8:24 of 1st period - Slapshot by Markus Granlund.
8:24 of 1st period - Shot Misses the Net.
8:26 of 1st period - Wrist shot by Markus Granlund.
8:26 of 1st period - Shot Misses the Net.
8:28 of 1st period - Snap shot by Andreas Englund.
8:28 of 1st period - Shot Misses the Net.
8:46 of 1st period - Slapshot by Markus Granlund.
8:46 of 1st period - Stopped by Connor Knapp with a rebound.
8:58 of 1st period - Backhand shot by Joakim Nygard.
8:58 of 1st period - Stopped by Tristan Jarry with a rebound.
9:42 of 1st period - Wrist shot by Markus Granlund.
9:42 of 1st period - Stopped by Connor Knapp without a rebound.
9:43 of 1st period - Ilya Mikheyev wins face-off versus Anton Gustafsson in Little Stars zone.
9:43 of 1st period - Ilya Mikheyev is hit by Anton Gustafsson.
10:15 of 1st period - Snap shot by Brett Connolly.
10:15 of 1st period - Stopped by Connor Knapp without a rebound.
10:16 of 1st period - Daniel O'regan wins face-off versus Lucas Wallmark in Little Stars zone.
10:16 of 1st period - Daniel O'regan is hit by Kasper Bjorkqvist.
10:19 of 1st period - Minor Penalty to Daniel O'regan for Hooking.
10:20 of 1st period - Jason Dickinson wins face-off versus Anton Gustafsson in Little Stars zone.
10:20 of 1st period - Jason Dickinson is hit by Anton Gustafsson.
10:41 of 1st period - Reece Willcox is hit by Travis Dermott and loses puck.
10:53 of 1st period - Minor Penalty to Anton Gustafsson for Holding.
10:54 of 1st period - Markus Granlund wins face-off versus Sebastian Wannstrom in Admirals zone.
11:37 of 1st period - Wrist shot by Zach Budish.
11:37 of 1st period - Shot Misses the Net.
12:19 of 1st period - Penalty to Daniel O'regan is over, Daniel O'regan is back on ice.
12:53 of 1st period - Penalty to Anton Gustafsson is over, Anton Gustafsson is back on ice.
13:09 of 1st period - Snap shot by Kasper Bjorkqvist.
13:09 of 1st period - Stopped by Connor Knapp with a rebound.
13:23 of 1st period - Snap shot by Sebastian Wannstrom.
13:23 of 1st period - Stopped by Tristan Jarry without a rebound.
13:24 of 1st period - Jason Dickinson wins face-off versus Anton Gustafsson in Admirals zone.
13:31 of 1st period - Slapshot by Josh Morrissey.
13:31 of 1st period - Stopped by Connor Knapp with a rebound.
14:10 of 1st period - Christian Djoos is hit by Michael Mersch and loses puck.
14:31 of 1st period - Minor Penalty to Sebastian Wannstrom for Interference.
14:32 of 1st period - Markus Granlund wins face-off versus Daniel O'regan in Little Stars zone.
14:32 of 1st period - Snap shot by Joel Armia.
14:32 of 1st period - Shot Misses the Net.
14:34 of 1st period - Slapshot by Olli Juolevi.
14:34 of 1st period - Shot Blocked by Anton Cederholm.
14:38 of 1st period - Slapshot by Markus Granlund.
14:38 of 1st period - Goal by Markus Granlund - Admirals : 2 - Little Stars : 0.
14:39 of 1st period - Anton Gustafsson wins face-off versus Daniel O'regan in neutral zone.
14:52 of 1st period - Wrist shot by Daniel O'regan.
14:52 of 1st period - Shot Misses the Net.
14:54 of 1st period - Wrist shot by Jordan LaVallee.
14:54 of 1st period - Shot Misses the Net.
15:46 of 1st period - Anton Cederholm is hit by Freddie Hamilton and loses puck.
16:11 of 1st period - Tyler Wotherspoon is hit by Anton Gustafsson and loses puck.
16:30 of 1st period - Anton Cederholm is hit by Joel Armia and loses puck.
16:51 of 1st period - Snap shot by Jason Dickinson.
16:51 of 1st period - Shot Misses the Net.
16:53 of 1st period - Snap shot by Sebastian Wannstrom.
16:53 of 1st period - Stopped by Tristan Jarry with a rebound.
17:04 of 1st period - Snap shot by Brett Connolly.
17:04 of 1st period - Shot Blocked by Michael Mersch.
17:06 of 1st period - Snap shot by Mattias Backman.
17:06 of 1st period - Deflect By Freddie Hamilton.
17:06 of 1st period - Stopped by Connor Knapp without a rebound.
17:07 of 1st period - Freddie Hamilton wins face-off versus Radel Fazleev in Little Stars zone.
17:12 of 1st period - Wrist shot by Hunter Shinkaruk.
17:12 of 1st period - Shot Misses the Net.
17:22 of 1st period - Snap shot by Daniil Tarasov.
17:22 of 1st period - Deflect By Radel Fazleev.
17:22 of 1st period - Stopped by Tristan Jarry with a rebound.
17:51 of 1st period - Slapshot by Hunter Shinkaruk.
17:51 of 1st period - Deflect By Brett Connolly.
17:51 of 1st period - Shot Misses the Net.
17:51 of 1st period - Puck is out of play.
17:52 of 1st period - Markus Granlund wins face-off versus Daniel O'regan in Little Stars zone.
17:55 of 1st period - Wrist shot by Markus Granlund.
17:55 of 1st period - Shot Blocked by Jordan LaVallee.
18:17 of 1st period - Eric Knodel is hit by Anton Gustafsson and loses puck.
19:13 of 1st period - Snap shot by Nicolas Deslauriers.
19:13 of 1st period - Stopped by Connor Knapp with a rebound.
19:31 of 1st period - Wrist shot by Brett Connolly.
19:31 of 1st period - Stopped by Connor Knapp without a rebound.
19:32 of 1st period - Radel Fazleev wins face-off versus Freddie Hamilton in Little Stars zone.
Goals for this period are 2 for Admirals vs 0 for Little Stars.
Shots for this period are 18 for Admirals vs 7 for Little Stars.

2nd period


0:01 of 2nd period - Jordan LaVallee wins face-off versus Markus Granlund in neutral zone.
0:34 of 2nd period - Wrist shot by Jason Dickinson.
0:34 of 2nd period - Stopped by Tristan Jarry without a rebound.
0:35 of 2nd period - Anton Gustafsson wins face-off versus Jason Dickinson in Admirals zone.
0:35 of 2nd period - Anton Gustafsson is hit by Adam Tambellini.
0:54 of 2nd period - Minor Penalty to Sebastian Wannstrom for Hooking.
0:55 of 2nd period - Markus Granlund wins face-off versus Daniel O'regan in Little Stars zone.
0:56 of 2nd period - Wrist shot by Nicolas Kerdiles.
0:56 of 2nd period - Stopped by Connor Knapp without a rebound.
0:57 of 2nd period - Markus Granlund wins face-off versus Daniel O'regan in Little Stars zone.
2:43 of 2nd period - Icing by Nicolas Kerdiles.
2:44 of 2nd period - Markus Granlund wins face-off versus Radel Fazleev in Admirals zone.
2:54 of 2nd period - Penalty to Sebastian Wannstrom is over, Sebastian Wannstrom is back on ice.
3:09 of 2nd period - Backhand shot by Freddie Hamilton.
3:09 of 2nd period - Shot Blocked by Anton Cederholm.
3:11 of 2nd period - Slapshot by Mattias Backman.
3:11 of 2nd period - Shot Misses the Net.
3:21 of 2nd period - Lucas Wallmark is hit by Roman Horak and loses puck.
3:33 of 2nd period - Off-side.
3:34 of 2nd period - Jason Dickinson wins face-off versus Anton Gustafsson in neutral zone.
3:45 of 2nd period - Snap shot by Anton Gustafsson.
3:45 of 2nd period - Stopped by Connor Knapp with a rebound.
4:19 of 2nd period - Snap shot by Ville Pokka.
4:19 of 2nd period - Shot Blocked by Kasper Bjorkqvist.
4:35 of 2nd period - Brett Connolly is hit by Eric Knodel and loses puck.
5:03 of 2nd period - Snap shot by Jason Dickinson.
5:03 of 2nd period - Shot Misses the Net.
5:48 of 2nd period - Slapshot by Eric Knodel.
5:48 of 2nd period - Stopped by Tristan Jarry with a rebound.
5:50 of 2nd period - Wrist shot by Daniil Tarasov.
5:50 of 2nd period - Shot Misses the Net.
5:58 of 2nd period - Minor Penalty to Markus Granlund for Hooking.
5:59 of 2nd period - Jordan LaVallee wins face-off versus Nicolas Deslauriers in Admirals zone.
6:06 of 2nd period - Snap shot by Jordan LaVallee.
6:06 of 2nd period - Shot Blocked by Nicolas Deslauriers.
6:08 of 2nd period - Snap shot by Anton Cederholm.
6:08 of 2nd period - Shot Misses the Net.
6:10 of 2nd period - Slapshot by Anton Cederholm.
6:10 of 2nd period - Stopped by Tristan Jarry with a rebound.
6:12 of 2nd period - Wrist shot by Jordan LaVallee.
6:12 of 2nd period - Stopped by Tristan Jarry without a rebound.
6:13 of 2nd period - Ilya Mikheyev wins face-off versus Nicolas Deslauriers in Admirals zone.
6:16 of 2nd period - Slapshot by Jordan LaVallee.
6:16 of 2nd period - Shot Misses the Net.
6:20 of 2nd period - Snap shot by Daniel O'regan.
6:20 of 2nd period - Stopped by Tristan Jarry with a rebound.
7:05 of 2nd period - Anton Gustafsson is hit by Jordan LaVallee and loses puck.
7:24 of 2nd period - Andreas Englund is hit by Jason Dickinson.
7:33 of 2nd period - Travis Dermott is hit by Reece Willcox and loses puck.
7:58 of 2nd period - Penalty to Markus Granlund is over, Markus Granlund is back on ice.
8:06 of 2nd period - Snap shot by Hunter Shinkaruk.
8:06 of 2nd period - Deflect By Brett Connolly.
8:06 of 2nd period - Shot Misses the Net.
8:06 of 2nd period - Puck is out of play.
8:07 of 2nd period - Freddie Hamilton wins face-off versus Roman Horak in Little Stars zone.
8:28 of 2nd period - Snap shot by Joakim Nygard.
8:28 of 2nd period - Stopped by Tristan Jarry with a rebound.
8:30 of 2nd period - Slapshot by Eric Knodel.
8:30 of 2nd period - Stopped by Tristan Jarry with a rebound.
8:32 of 2nd period - Wrist shot by Zach Budish.
8:32 of 2nd period - Shot Blocked by Markus Granlund.
8:34 of 2nd period - Slapshot by Tucker Poolman.
8:34 of 2nd period - Shot Misses the Net.
8:36 of 2nd period - Snap shot by Joakim Nygard.
8:36 of 2nd period - Shot Blocked by Joel Armia.
8:38 of 2nd period - Backhand shot by Joakim Nygard.
8:38 of 2nd period - Stopped by Tristan Jarry with a rebound.
8:40 of 2nd period - Wrist shot by Zach Budish.
8:40 of 2nd period - Shot Blocked by Joel Armia.
8:42 of 2nd period - Snap shot by Zach Budish.
8:42 of 2nd period - Goal by Zach Budish - Admirals : 2 - Little Stars : 1.
8:43 of 2nd period - Anton Gustafsson wins face-off versus Ilya Mikheyev in neutral zone.
8:48 of 2nd period - Anton Cederholm is hit by Mark McNeill and loses puck.
9:13 of 2nd period - Off-side.
9:14 of 2nd period - Jason Dickinson wins face-off versus Markus Granlund in neutral zone.
9:17 of 2nd period - Snap shot by Sebastian Wannstrom.
9:17 of 2nd period - Shot Blocked by Markus Granlund.
9:38 of 2nd period - Icing by Jason Dickinson.
9:39 of 2nd period - Anton Gustafsson wins face-off versus Daniel O'regan in Little Stars zone.
9:42 of 2nd period - Snap shot by Nicolas Deslauriers.
9:42 of 2nd period - Shot Misses the Net.
9:50 of 2nd period - Wrist shot by Daniel O'regan.
9:50 of 2nd period - Stopped by Tristan Jarry with a rebound.
9:52 of 2nd period - Snap shot by Jordan LaVallee.
9:52 of 2nd period - Stopped by Tristan Jarry with a rebound.
9:54 of 2nd period - Backhand shot by Reece Willcox.
9:54 of 2nd period - Stopped by Tristan Jarry with a rebound.
10:24 of 2nd period - Backhand shot by Travis Dermott.
10:24 of 2nd period - Stopped by Connor Knapp with a rebound.
10:43 of 2nd period - Off-side.
10:44 of 2nd period - Daniel O'regan wins face-off versus Freddie Hamilton in neutral zone.
11:22 of 2nd period - Slapshot by Markus Granlund.
11:22 of 2nd period - Deflect By Joel Armia.
11:22 of 2nd period - Shot Misses the Net.
11:22 of 2nd period - Puck is out of play.
11:23 of 2nd period - Anton Gustafsson wins face-off versus Daniel O'regan in Little Stars zone.
11:24 of 2nd period - Wrist shot by Mark McNeill.
11:24 of 2nd period - Stopped by Connor Knapp without a rebound.
11:25 of 2nd period - Daniel O'regan wins face-off versus Anton Gustafsson in Little Stars zone.
11:50 of 2nd period - Carl Dahlstrom is hit by Sebastian Wannstrom and loses puck.
13:41 of 2nd period - Wrist shot by Adam Tambellini.
13:41 of 2nd period - Deflect By Jason Dickinson.
13:41 of 2nd period - Stopped by Tristan Jarry with a rebound.
14:01 of 2nd period - Slapshot by Anton Gustafsson.
14:01 of 2nd period - Stopped by Connor Knapp with a rebound.
14:13 of 2nd period - Slapshot by Joel Armia.
14:13 of 2nd period - Stopped by Connor Knapp with a rebound.
14:15 of 2nd period - Slapshot by Mattias Backman.
14:15 of 2nd period - Shot Blocked by Tyler Wotherspoon.
14:17 of 2nd period - Wrist shot by Nicolas Kerdiles.
14:17 of 2nd period - Deflect By Anton Cederholm.
14:17 of 2nd period - Shot Misses the Net.
14:17 of 2nd period - Puck is out of play.
14:18 of 2nd period - Markus Granlund wins face-off versus Jason Dickinson in Little Stars zone.
14:29 of 2nd period - Snap shot by Nicolas Kerdiles.
14:29 of 2nd period - Stopped by Connor Knapp without a rebound.
14:30 of 2nd period - Markus Granlund wins face-off versus Jordan LaVallee in Little Stars zone.
14:51 of 2nd period - Minor Penalty to Markus Granlund for Hooking.
14:52 of 2nd period - Daniel O'regan wins face-off versus Nicolas Deslauriers in Admirals zone.
16:49 of 2nd period - Travis Dermott is hit by Reece Willcox and loses puck.
16:51 of 2nd period - Penalty to Markus Granlund is over, Markus Granlund is back on ice.
17:22 of 2nd period - Slapshot by Michael Mersch.
17:22 of 2nd period - Shot Misses the Net.
17:24 of 2nd period - Backhand shot by Ville Pokka.
17:24 of 2nd period - Shot Misses the Net.
17:26 of 2nd period - Backhand shot by Ville Pokka.
17:26 of 2nd period - Stopped by Tristan Jarry with a rebound.
17:28 of 2nd period - Wrist shot by Michael Mersch.
17:28 of 2nd period - Stopped by Tristan Jarry without a rebound.
17:29 of 2nd period - Anton Gustafsson wins face-off versus Radel Fazleev in Admirals zone.
17:29 of 2nd period - Anton Gustafsson is hit by Ville Pokka.
17:35 of 2nd period - Wrist shot by Nicolas Deslauriers.
17:35 of 2nd period - Deflect By Anton Gustafsson.
17:35 of 2nd period - Stopped by Connor Knapp with a rebound.
17:55 of 2nd period - Minor Penalty to Andreas Englund for Interference.
17:56 of 2nd period - Markus Granlund wins face-off versus Jordan LaVallee in Admirals zone.
18:05 of 2nd period - Snap shot by Ilya Mikheyev.
18:05 of 2nd period - Stopped by Tristan Jarry with a rebound.
18:24 of 2nd period - Off-side.
18:25 of 2nd period - Mark McNeill wins face-off versus Sebastian Wannstrom in neutral zone.
18:36 of 2nd period - Wrist shot by Mark McNeill.
18:36 of 2nd period - Shot Misses the Net.
18:38 of 2nd period - Minor Penalty to Jason Dickinson for Tripping.
18:39 of 2nd period - Daniel O'regan wins face-off versus Markus Granlund in Little Stars zone.
18:54 of 2nd period - Snap shot by Jordan LaVallee.
18:54 of 2nd period - Shot Misses the Net.
18:57 of 2nd period - Icing by Nicolas Kerdiles.
18:58 of 2nd period - Markus Granlund wins face-off versus Daniel O'regan in Admirals zone.
19:11 of 2nd period - Josh Morrissey is hit by Tyler Wotherspoon and loses puck.
19:55 of 2nd period - Penalty to Andreas Englund is over, Andreas Englund is back on ice.
Goals for this period are 0 for Admirals vs 1 for Little Stars.
Shots for this period are 8 for Admirals vs 16 for Little Stars.

3rd period


0:01 of 3rd period - Markus Granlund wins face-off versus Daniel O'regan in neutral zone.
0:38 of 3rd period - Penalty to Jason Dickinson is over, Jason Dickinson is back on ice.
0:49 of 3rd period - Slapshot by Hunter Shinkaruk.
0:49 of 3rd period - Stopped by Connor Knapp with a rebound.
0:51 of 3rd period - Slapshot by Freddie Hamilton.
0:51 of 3rd period - Deflect By Hunter Shinkaruk.
0:51 of 3rd period - Stopped by Connor Knapp without a rebound.
0:52 of 3rd period - Hunter Shinkaruk wins face-off versus Roman Horak in Little Stars zone.
1:07 of 3rd period - Snap shot by Freddie Hamilton.
1:07 of 3rd period - Shot Blocked by Reece Willcox.
1:17 of 3rd period - Jason Dickinson is hit by Nicolas Kerdiles and loses puck.
1:30 of 3rd period - Markus Granlund is hit by Sebastian Wannstrom and loses puck.
2:17 of 3rd period - Minor Penalty to Blake Geoffrion for Roughing.
2:18 of 3rd period - Markus Granlund wins face-off versus Ilya Mikheyev in Admirals zone.
2:29 of 3rd period - Slapshot by Tyler Wotherspoon.
2:29 of 3rd period - Shot Blocked by Andreas Englund.
2:31 of 3rd period - Snap shot by Ilya Mikheyev.
2:31 of 3rd period - Stopped by Tristan Jarry without a rebound.
2:32 of 3rd period - Markus Granlund wins face-off versus Ilya Mikheyev in Admirals zone.
2:45 of 3rd period - Wrist shot by Daniel O'regan.
2:45 of 3rd period - Shot Misses the Net.
2:59 of 3rd period - Josh Morrissey is hit by Adam Tambellini and loses puck.
3:28 of 3rd period - Mattias Backman is hit by Jason Dickinson and loses puck.
3:39 of 3rd period - Jordan LaVallee is hit by Anton Gustafsson and loses puck.
4:17 of 3rd period - Penalty to Blake Geoffrion is over, Blake Geoffrion is back on ice.
5:46 of 3rd period - Lucas Wallmark is hit by Roman Horak and loses puck.
5:56 of 3rd period - Off-side.
5:57 of 3rd period - Daniel O'regan wins face-off versus Freddie Hamilton in neutral zone.
6:07 of 3rd period - Snap shot by Daniel O'regan.
6:07 of 3rd period - Shot Misses the Net.
6:13 of 3rd period - Snap shot by Daniel O'regan.
6:13 of 3rd period - Shot Misses the Net.
7:33 of 3rd period - Backhand shot by Daniel O'regan.
7:33 of 3rd period - Shot Misses the Net.
7:35 of 3rd period - Slapshot by Ville Pokka.
7:35 of 3rd period - Shot Misses the Net.
7:37 of 3rd period - Wrist shot by Jordan LaVallee.
7:37 of 3rd period - Goal by Jordan LaVallee - Admirals : 2 - Little Stars : 2.
7:38 of 3rd period - Daniel O'regan wins face-off versus Markus Granlund in neutral zone.
7:41 of 3rd period - Snap shot by Ilya Mikheyev.
7:41 of 3rd period - Shot Misses the Net.
8:04 of 3rd period - Icing by Ilya Mikheyev.
8:05 of 3rd period - Anton Gustafsson wins face-off versus Daniel O'regan in Little Stars zone.
8:14 of 3rd period - Mark McNeill is hit by Jordan LaVallee and loses puck.
8:27 of 3rd period - Snap shot by Daniel O'regan.
8:27 of 3rd period - Stopped by Tristan Jarry with a rebound.
8:29 of 3rd period - Snap shot by Ilya Mikheyev.
8:29 of 3rd period - Shot Misses the Net.
8:31 of 3rd period - Slapshot by Anton Cederholm.
8:31 of 3rd period - Shot Blocked by Andreas Englund.
8:33 of 3rd period - Snap shot by Daniel O'regan.
8:33 of 3rd period - Stopped by Tristan Jarry without a rebound.
8:34 of 3rd period - Markus Granlund wins face-off versus Jason Dickinson in Admirals zone.
8:49 of 3rd period - Slapshot by Nicolas Kerdiles.
8:49 of 3rd period - Stopped by Connor Knapp with a rebound.
9:46 of 3rd period - Snap shot by Ilya Mikheyev.
9:46 of 3rd period - Shot Blocked by Josh Morrissey.
9:48 of 3rd period - Wrist shot by Jordan LaVallee.
9:48 of 3rd period - Stopped by Tristan Jarry without a rebound.
9:49 of 3rd period - Joel Armia wins face-off versus Daniel O'regan in Admirals zone.
9:49 of 3rd period - Joel Armia is hit by Jordan LaVallee.
10:15 of 3rd period - Slapshot by Ilya Mikheyev.
10:15 of 3rd period - Shot Hit the Post.
10:22 of 3rd period - Minor Penalty to Markus Granlund for Hooking.
10:23 of 3rd period - Daniel O'regan wins face-off versus Nicolas Deslauriers in Admirals zone.
10:47 of 3rd period - Travis Dermott is hit by Sebastian Wannstrom and loses puck.
11:45 of 3rd period - Tyler Wotherspoon is hit by Blake Geoffrion and loses puck.
12:22 of 3rd period - Penalty to Markus Granlund is over, Markus Granlund is back on ice.
12:35 of 3rd period - Wrist shot by Markus Granlund.
12:35 of 3rd period - Stopped by Connor Knapp with a rebound.
13:07 of 3rd period - Icing by Carl Dahlstrom.
13:08 of 3rd period - Freddie Hamilton wins face-off versus Daniel O'regan in Admirals zone.
13:25 of 3rd period - Wrist shot by Freddie Hamilton.
13:25 of 3rd period - Goal by Freddie Hamilton - Admirals : 3 - Little Stars : 2.
13:26 of 3rd period - Markus Granlund wins face-off versus Daniel O'regan in neutral zone.
13:28 of 3rd period - Josh Morrissey is hit by Tyler Wotherspoon and loses puck.
13:56 of 3rd period - Wrist shot by Joakim Nygard.
13:56 of 3rd period - Shot Misses the Net.
13:58 of 3rd period - Slapshot by Tyler Wotherspoon.
13:58 of 3rd period - Stopped by Tristan Jarry without a rebound.
13:59 of 3rd period - Anton Gustafsson wins face-off versus Daniel O'regan in Admirals zone.
13:59 of 3rd period - Anton Gustafsson is hit by Jordan LaVallee.
14:07 of 3rd period - Slapshot by Mattias Backman.
14:07 of 3rd period - Stopped by Connor Knapp without a rebound.
14:08 of 3rd period - Anton Gustafsson wins face-off versus Daniel O'regan in Little Stars zone.
14:11 of 3rd period - Snap shot by Nicolas Deslauriers.
14:11 of 3rd period - Shot Misses the Net.
14:13 of 3rd period - Snap shot by Anton Gustafsson.
14:13 of 3rd period - Shot Blocked by Daniel O'regan.
14:15 of 3rd period - Slapshot by Josh Morrissey.
14:15 of 3rd period - Stopped by Connor Knapp without a rebound.
14:16 of 3rd period - Daniel O'regan wins face-off versus Markus Granlund in Little Stars zone.
15:30 of 3rd period - Ilya Mikheyev is hit by Nicolas Kerdiles and loses puck.
16:59 of 3rd period - Minor Penalty to Nicolas Kerdiles for Hooking.
17:00 of 3rd period - Daniel O'regan wins face-off versus Markus Granlund in Admirals zone.
17:03 of 3rd period - Wrist shot by Jordan LaVallee.
17:03 of 3rd period - Stopped by Tristan Jarry without a rebound.
17:04 of 3rd period - Markus Granlund wins face-off versus Daniel O'regan in Admirals zone.
17:13 of 3rd period - Slapshot by Tyler Wotherspoon.
17:13 of 3rd period - Shot Blocked by Travis Dermott.
17:44 of 3rd period - Mattias Backman is hit by Jason Dickinson and loses puck.
18:54 of 3rd period - Anton Cederholm is hit by Mattias Backman and loses puck.
18:59 of 3rd period - Penalty to Nicolas Kerdiles is over, Nicolas Kerdiles is back on ice.
19:18 of 3rd period - Slapshot by Mark McNeill.
19:18 of 3rd period - Shot Blocked by Anton Cederholm.
19:20 of 3rd period - Minor Penalty to Daniil Tarasov for Holding.
19:21 of 3rd period - Daniel O'regan wins face-off versus Anton Gustafsson in Little Stars zone.
Goals for this period are 1 for Admirals vs 1 for Little Stars.
Shots for this period are 7 for Admirals vs 7 for Little Stars. Output by the SimonT Hockey Simulator (STHS) for Francois Prevost - Original Page W3C HTML5 Valid
Hockey Simulator - Hockey Simulation - Hockey Manager